[Event "Titled Tuesday Blitz April 05 Early 2022"]
[White "De Souza, Cristiano Gomes"]
[Black "Sellitti, Federico"]
[WhiteFideId "2151758"]
[BlackFideId "821829"]
[WhiteElo "2068"]
[BlackElo "2555"]
[Result "0-1"]
[Round "03"]
[TimeControl "180+1"]
[Date "2022.04.05"]
[WhiteClock "0:00:11"]
[BlackClock "0:00:24"]

1. d4 d5 2. c4 Nc6 3. Nf3 Bg4 4. Nc3 Bxf3 5. gxf3 e6 6. e4 dxc4 7. d5 exd5 8. exd5 Ne5 9. Bxc4 Nxc4 10. Qa4+ Qd7 11. Qxc4 O-O-O 12. Be3 Kb8 13. Rc1 a6 14. Ke2 Bd6 15. Rhd1 Ne7 16. a4 Nf5 17. Ne4 Rhe8 18. Bc5 Bxc5 19. Qxc5 Nh4 20. d6 cxd6 21. Qb6 f5 22. Rc4 fxe4 23. Rdc1 exf3+ 24. Kd1 Qe7 25. Kc2 Rc8 26. Kb1 Ng6 27. Rxc8+ Rxc8 28. Rxc8+ Kxc8 29. Qd4 Qe1+ 30. Ka2 Qe6+ 31. Ka3 Qe5 32. Qc4+ Qc5+ 33. Qxc5+ dxc5 34. Kb3 Kc7 35. Kc4 Kc6 0-1


[Site "https://www.chess.com"]

[Event "Titled Tuesday Blitz April 05 Early 2022"]
[White "Delorme, Alban"]
[Black "Fernandez Siles, Luis"]
[WhiteFideId "623636"]
[BlackFideId "2209420"]
[WhiteElo "2197"]
[BlackElo "2212"]
[Result "1-0"]
[Round "03"]
[TimeControl "180+1"]
[Date "2022.04.05"]
[WhiteClock "0:01:29"]
[BlackClock "0:00:20"]

1. e4 c5 2. Nf3 Nc6 3. d4 cxd4 4. Nxd4 Nf6 5. Nc3 e5 6. Ndb5 d6 7. Nd5 Nxd5 8. exd5 Nb8 9. a4 Be7 10. Be2 O-O 11. O-O f5 12. Be3 a6 13. Na3 f4 14. Bd2 Bf5 15. Nc4 Nd7 16. a5 Rc8 17. Bb4 Nc5 18. Nb6 Rc7 19. Ba3 e4 20. f3 Bf6 21. c4 Be5 22. Rc1 Qf6 23. b4 Nd3 24. fxe4 Nxc1 25. Bxc1 Bd4+ 26. Kh1 Bxe4 27. Rxf4 Qe5 28. Rxf8+ Kxf8 29. Bg4 Bxb6 30. axb6 Rf7 31. c5 Qd4 32. Qxd4 Rf1+ 33. Qg1 Rxg1+ 34. Kxg1 1-0


[Site "https://www.chess.com"]

[Event "Titled Tuesday Blitz April 05 Early 2022"]
[White "Demchenko, Anton"]
[Black "Papasimakopoulos, Alexandros"]
[WhiteFideId "4160258"]
[BlackFideId "4244125"]
[WhiteElo "2539"]
[BlackElo "2340"]
[Result "*"]
[Round "03"]
[TimeControl "180+1"]
[Date "2022.04.05"]
[WhiteClock "0:00:56"]
[BlackClock "0:01:45"]

1. e4 e6 2. d4 d5 3. Nd2 Nf6 4. e5 Nfd7 5. c3 c5 6. f4 Nc6 7. Ndf3 cxd4 8. cxd4 a5 9. Bd3 a4 10. a3 Nb6 11. Ne2 Na5 12. O-O g6 13. Nc3 Be7 14. Nxa4 Nxa4 15. Qxa4+ Bd7 16. Bb5 Nc6 17. Qb3 O-O 18. Qe3 Na5 19. Bd3 Nb3 20. Rb1 *


[Site "https://www.chess.com"]

[Event "Titled Tuesday Blitz April 05 Early 2022"]
[White "Devaev, Alexander"]
[Black "Obolenskikh, Dmitry"]
[WhiteFideId "4169395"]
[BlackFideId "4156013"]
[WhiteElo "2185"]
[BlackElo "2512"]
[Result "*"]
[Round "03"]
[TimeControl "180+1"]
[Date "2022.04.05"]
[WhiteClock "0:00:32"]
[BlackClock "0:02:20"]

1. d4 d5 2. c4 e6 3. cxd5 exd5 4. Nc3 c6 5. Nf3 Bf5 6. Bf4 Bd6 7. Bg3 Nf6 8. e3 O-O 9. Nh4 Be4 10. Bd3 Re8 11. O-O Bxg3 12. hxg3 Bxd3 13. Qxd3 Nbd7 14. b4 b5 15. a4 a6 16. a5 Re6 17. Rac1 Ne8 18. e4 dxe4 19. Nxe4 Nef6 20. Ng5 Rd6 21. Nf5 Rd5 22. Rxc6 Ne5 23. dxe5 Rxd3 24. exf6 h6 *


[Site "https://www.chess.com"]

[Event "Titled Tuesday Blitz April 05 Early 2022"]
[White "Dilmukhametov, Artur"]
[Black "Piliczewski, Bogusz"]
[WhiteFideId "24179922"]
[BlackFideId "1104144"]
[WhiteElo "2244"]
[BlackElo "1896"]
[Result "0-1"]
[Round "03"]
[TimeControl "180+1"]
[Date "2022.04.05"]
[WhiteClock "0:00:01"]
[BlackClock "0:00:37"]

1. d4 d5 2. Nc3 Nf6 3. Bf4 Bf5 4. e3 e6 5. f3 Be7 6. g4 Bg6 7. h4 h5 8. g5 Nfd7 9. Bd3 Bxd3 10. Qxd3 g6 11. Nge2 c5 12. O-O-O Nc6 13. Nb5 O-O 14. Nec3 a6 15. Nd6 Ra7 16. e4 Nb6 17. e5 Nxd4 18. Bg3 Bxd6 19. exd6 Nc4 20. Rdf1 Nxd6 21. f4 N6f5 22. Bh2 b5 23. b3 c4 24. bxc4 bxc4 25. Qd2 Qa5 26. Kd1 Rb7 27. Bg1 Nc6 28. Re1 Rd8 29. Re2 d4 30. Bxd4 Rxd4 31. Ne4 Rxd2+ 32. Nxd2 Rd7 33. Ke1 Qxa2 34. Nxc4 Qxc4 35. Kf2 Qc5+ 36. Kf1 Qc4 37. Rh2 Qxf4+ 38. Ke1 Qg3+ 39. Ref2 Nfd4 40. Kf1 Nf3 41. Rhg2 Rd1+ 42. Ke2 Rd2+ 43. Ke3 Qxg2 0-1


[Site "https://www.chess.com"]

[Event "Titled Tuesday Blitz April 05 Early 2022"]
[White "Dreev, Aleksey"]
[Black "Shahaliyev, Ismayil"]
[WhiteFideId "4100107"]
[BlackFideId "13406388"]
[WhiteElo "2625"]
[BlackElo "2105"]
[Result "*"]
[Round "03"]
[TimeControl "180+1"]
[Date "2022.04.05"]
[WhiteClock "0:01:40"]
[BlackClock "0:01:08"]

1. d4 Nf6 2. Nf3 e6 3. c4 d5 4. Nc3 Bb4 5. Bg5 Nbd7 6. cxd5 exd5 7. e3 c5 8. Bd3 Qa5 9. Qc2 O-O 10. O-O c4 11. Bf5 Re8 12. Nd2 g6 13. Bh3 Kg7 14. a3 Bxc3 15. bxc3 Nb6 16. Bxf6+ Kxf6 17. Bxc8 Raxc8 18. a4 Kg7 19. Rfb1 a6 20. Rb4 Re6 21. Rab1 Rc7 22. h3 h5 23. Nf3 *


[Site "https://www.chess.com"]

[Event "Titled Tuesday Blitz April 05 Early 2022"]
[White "Dubov, Daniil"]
[Black "Oganian, Miran"]
[WhiteFideId "24126055"]
[BlackFideId "4122488"]
[WhiteElo "2791"]
[BlackElo "2357"]
[Result "*"]
[Round "03"]
[TimeControl "180+1"]
[Date "2022.04.05"]
[WhiteClock "0:01:42"]
[BlackClock "0:01:27"]

1. d4 e6 2. Nf3 d5 3. c4 a6 4. Bg5 Be7 5. Bxe7 Qxe7 6. Nbd2 Nf6 7. g3 O-O 8. Bg2 Nc6 9. O-O Rd8 10. Rc1 e5 11. dxe5 Nxe5 12. Nxe5 Qxe5 13. cxd5 Nxd5 14. Nc4 Qf6 15. Bxd5 Bh3 16. Re1 c6 17. Bxf7+ Qxf7 18. Qb3 Be6 19. Qc3 Rf8 20. f3 Rad8 21. b3 h5 22. Rcd1 h4 23. Rxd8 Rxd8 24. Ne3 Qg6 25. g4 Qg5 26. Rd1 Re8 27. Rd3 h3 *


[Site "https://www.chess.com"]

[Event "Titled Tuesday Blitz April 05 Early 2022"]
[White "Dukic, Zachary"]
[Black "Prieto Aranguren, Alain"]
[WhiteFideId "2617188"]
[BlackFideId "2268906"]
[WhiteElo "2086"]
[BlackElo "2235"]
[Result "0-1"]
[Round "03"]
[TimeControl "180+1"]
[Date "2022.04.05"]
[WhiteClock "0:00:07"]
[BlackClock "0:00:19"]

1. e4 c6 2. d4 d5 3. Nd2 dxe4 4. Nxe4 Nf6 5. Nxf6+ exf6 6. c3 Bd6 7. Bd3 O-O 8. Qc2 h5 9. Ne2 Qc7 10. h3 Nd7 11. Be3 a5 12. O-O-O a4 13. g4 h4 14. f4 b5 15. f5 Nb6 16. g5 Nd5 17. Bd2 fxg5 18. Bxg5 Nf4 19. Nxf4 Bxf4+ 20. Bxf4 Qxf4+ 21. Kb1 b4 22. Rdf1 Qh6 23. f6 b3 24. Qg2 bxa2+ 25. Ka1 g6 26. Qxc6 Be6 27. Bxg6 a3 28. Rhg1 axb2+ 29. Kxb2 Rfb8+ 30. Ka1 Qd2 31. Bxf7+ Kh8 32. Rg2 Rb1+ 33. Rxb1 axb1=Q+ 34. Kxb1 Qd1+ 35. Kb2 Ra2# 0-1


[Site "https://www.chess.com"]

[Event "Titled Tuesday Blitz April 05 Early 2022"]
[White "Estrada Nieto, Julian"]
[Black "Rottenwohrer Suarez, Juan"]
[WhiteFideId "5101018"]
[BlackFideId "32068182"]
[WhiteElo "2252"]
[BlackElo "2158"]
[Result "0-1"]
[Round "03"]
[TimeControl "180+1"]
[Date "2022.04.05"]
[WhiteClock "0:00:12"]
[BlackClock "0:00:02"]

1. e4 c5 2. Nf3 d6 3. Bb5+ Bd7 4. Bxd7+ Nxd7 5. O-O Ngf6 6. Re1 e6 7. c3 Be7 8. d4 O-O 9. Bg5 h6 10. Bh4 e5 11. dxe5 Nxe5 12. Nxe5 dxe5 13. Bxf6 Bxf6 14. Nd2 b5 15. a4 a6 16. Qe2 Qb6 17. Nf1 Bg5 18. g3 c4 19. h4 Be7 20. Ne3 Bc5 21. Nd5 Qb7 22. Qh5 f6 23. Qe2 Rad8 24. axb5 axb5 25. Red1 f5 26. Rd2 g6 27. Rad1 Kg7 28. Kg2 f4 29. gxf4 exf4 30. Qf3 Qf7 31. Rh1 g5 32. hxg5 hxg5 33. Rh5 Qg6 34. Qg4 Qxe4+ 35. f3 Qg6 36. Rxg5 Rd6 37. Kf1 Rh8 38. Rxg6+ Rxg6 39. Qd7+ Kg8 40. Qe8+ Kg7 41. Qd7+ Kg8 42. Nxf4 Rg1+ 43. Ke2 Rh2+ 44. Ng2 Rhxg2# 0-1


[Site "https://www.chess.com"]

[Event "Titled Tuesday Blitz April 05 Early 2022"]
[White "Fedoseev, Vladimir"]
[Black "Domingo Nunez, Alejandro"]
[WhiteFideId "24130737"]
[BlackFideId "22245561"]
[WhiteElo "2726"]
[BlackElo "2215"]
[Result "*"]
[Round "03"]
[TimeControl "180+1"]
[Date "2022.04.05"]
[WhiteClock "0:01:44"]
[BlackClock "0:01:06"]

1. e4 c6 2. d4 d5 3. Nd2 dxe4 4. Nxe4 Nf6 5. Ng3 h5 6. h4 c5 7. Nf3 Bg4 8. Be3 cxd4 9. Qxd4 Nc6 10. Qxd8+ Rxd8 11. Ng5 Nb4 12. Bb5+ Bd7 13. Bxd7+ Rxd7 14. Ke2 e6 15. c4 Nc2 16. Rad1 Nxe3 17. fxe3 Be7 18. Rxd7 Nxd7 19. N3e4 Ne5 20. c5 *


[Site "https://www.chess.com"]

[Event "Titled Tuesday Blitz April 05 Early 2022"]
[White "Fier, Alexandr"]
[Black "Sanal, Vahap"]
[WhiteFideId "2107139"]
[BlackFideId "6300545"]
[WhiteElo "2571"]
[BlackElo "2603"]
[Result "*"]
[Round "03"]
[TimeControl "180+1"]
[Date "2022.04.05"]
[WhiteClock "0:01:33"]
[BlackClock "0:01:35"]

1. d4 Nf6 2. Bg5 e6 3. e4 h6 4. Bxf6 Qxf6 5. c3 d6 6. Bd3 g6 7. Ne2 Bg7 8. O-O Qe7 9. f4 Nd7 10. f5 e5 11. fxg6 fxg6 12. Qb3 Nf6 13. Na3 c6 14. Nc4 b5 15. Na5 Bd7 16. a4 Rb8 17. axb5 cxb5 18. Kh1 a6 19. Ng3 Be6 20. Qa3 Qc7 21. dxe5 dxe5 22. Bc2 Kf7 23. Bb3 Rhe8 24. Bxe6+ Rxe6 25. Nb3 Bf8 26. Qa2 Qc4 27. Rad1 Kg7 28. Qa5 *


[Site "https://www.chess.com"]

[Event "Titled Tuesday Blitz April 05 Early 2022"]
[White "Gaehwiler, Gabriel"]
[Black "Biletskiy, Danylo"]
[WhiteFideId "1314530"]
[BlackFideId "14155419"]
[WhiteElo "2383"]
[BlackElo "2087"]
[Result "1-0"]
[Round "03"]
[TimeControl "180+1"]
[Date "2022.04.05"]
[WhiteClock "0:00:26"]
[BlackClock "0:00:04"]

1. Nf3 Nf6 2. c4 d6 3. g3 e5 4. d4 Nbd7 5. Nc3 g6 6. Bg2 Bg7 7. O-O O-O 8. e4 c6 9. Re1 Re8 10. h3 Qc7 11. b3 a6 12. Bb2 b5 13. Rc1 Qb8 14. Ba1 Bb7 15. d5 cxd5 16. cxd5 Nc5 17. b4 Ncd7 18. a4 bxa4 19. Qxa4 Nb6 20. Qa5 Nfd7 21. Qa2 Qa7 22. Nd2 Rac8 23. Nb3 Nc4 24. Bf1 Ndb6 25. Na5 Nxa5 26. bxa5 Nd7 27. Bb2 Nc5 28. Ba3 f5 29. Bb4 Qb8 30. Rb1 Re7 31. Qa3 Qc7 32. Rec1 Qd8 33. exf5 gxf5 34. Na4 Rf7 35. Bxc5 dxc5 36. Rxb7 Rxb7 37. Bxa6 Rcb8 38. Bxb7 Rxb7 39. a6 Ra7 40. Nxc5 Qxd5 41. Qb4 Bf8 42. Qb8 Qf7 43. Qxe5 Bxc5 44. Qxc5 f4 45. Qg5+ Qg7 46. Rc8+ Kf7 47. Qxf4+ Ke6 48. Qe4+ Kd7 49. Qc6+ Ke7 50. Re8+ 1-0


[Site "https://www.chess.com"]

[Event "Titled Tuesday Blitz April 05 Early 2022"]
[White "Garriga Cazorla, Pere"]
[Black "Terry, Renato"]
[WhiteFideId "32011601"]
[BlackFideId "3803457"]
[WhiteElo "2458"]
[BlackElo "2577"]
[Result "*"]
[Round "03"]
[TimeControl "180+1"]
[Date "2022.04.05"]
[WhiteClock "0:01:59"]
[BlackClock "0:01:20"]

1. d4 e6 2. c4 Bb4+ 3. Bd2 Qe7 4. g3 Nf6 5. Bg2 O-O 6. Nf3 Bxd2+ 7. Qxd2 d6 8. O-O e5 9. Nc3 Re8 10. e4 Bg4 11. d5 a5 12. Ne1 Na6 13. f3 Bd7 14. Nd3 b6 15. Rae1 c6 16. f4 Nc5 17. h3 Nxd3 18. Qxd3 c5 19. a4 h6 20. b3 Nh7 21. Rf2 Rf8 22. Re3 f6 23. Kf1 Kf7 24. Ke1 Ke8 25. Kd2 Kd8 26. Kc2 Kc7 27. Kb2 Rae8 28. Qf1 g6 29. h4 g5 30. Bh3 g4 31. Bg2 h5 32. Qd3 Rf7 33. Re1 Nf8 *


[Site "https://www.chess.com"]

[Event "Titled Tuesday Blitz April 05 Early 2022"]
[White "Garv Gaur"]
[Black "Matthes, Aaron"]
[WhiteFideId "45030839"]
[BlackFideId "16227310"]
[WhiteElo "1950"]
[BlackElo "2333"]
[Result "0-1"]
[Round "03"]
[TimeControl "180+1"]
[Date "2022.04.05"]
[WhiteClock "0:00:10"]
[BlackClock "0:01:13"]

1. d4 d5 2. Nf3 Nf6 3. c4 c6 4. g3 e6 5. Bg2 Nbd7 6. O-O dxc4 7. a4 Bb4 8. Qc2 b5 9. Rd1 Bb7 10. Ne5 Qc7 11. Bf4 Nxe5 12. Bxe5 Qe7 13. Nc3 Bxc3 14. bxc3 a6 15. Qd2 O-O 16. Qg5 h6 17. Bxf6 Qxf6 18. Qc5 Qg5 19. Qb6 Qe7 20. Rdb1 Rac8 21. axb5 axb5 22. Ra7 Rb8 23. Rba1 Rfc8 24. Bxc6 Rxc6 25. Qxc6 Bxc6 26. Rxe7 b4 27. cxb4 Rxb4 28. Rc1 Bd5 29. f3 f5 30. Rc7 Rb2 31. Kf2 Kh7 32. Ke3 Rb3+ 33. Kf4 Kg6 34. e4 Kf6 35. e5+ Kg6 36. h4 Rxf3# 0-1


[Site "https://www.chess.com"]

[Event "Titled Tuesday Blitz April 05 Early 2022"]
[White "Gatineau, Yovann"]
[Black "Pires, Marcos Vinicius Torsani"]
[WhiteFideId "26028999"]
[BlackFideId "2118939"]
[WhiteElo "2183"]
[BlackElo "2273"]
[Result "0-1"]
[Round "03"]
[TimeControl "180+1"]
[Date "2022.04.05"]
[WhiteClock "0:00:01"]
[BlackClock "0:00:21"]

1. e4 c5 2. Nf3 g6 3. d4 cxd4 4. Qxd4 Nf6 5. c4 Nc6 6. Qe3 d6 7. h3 Bg7 8. Nc3 O-O 9. Be2 Nd7 10. O-O Nc5 11. Rd1 a5 12. Rb1 a4 13. Bd2 Be6 14. Nd5 Bxd5 15. exd5 Ne5 16. Bc3 Ncd7 17. Re1 Re8 18. Rbc1 Nxf3+ 19. Bxf3 Bxc3 20. Rxc3 Qa5 21. Qg5 Nf6 22. Rce3 Qc7 23. h4 Kg7 24. h5 h6 25. Qg3 g5 26. Be2 Qd7 27. f4 g4 28. Bd3 Nxh5 29. Qf2 Nf6 30. f5 Qc7 31. Qf4 Rad8 32. Kf2 Rd7 33. Rh1 Rh8 34. g3 Qc5 35. Kg2 b5 36. cxb5 Qxd5+ 37. Kh2 Qxa2 38. Be2 Qxb2 39. Rf1 a3 40. Kg1 a2 0-1


[Site "https://www.chess.com"]

[Event "Titled Tuesday Blitz April 05 Early 2022"]
[White "Girinath, P.D.S."]
[Black "Lakshmi C"]
[WhiteFideId "5000572"]
[BlackFideId "25035347"]
[WhiteElo "2369"]
[BlackElo "1775"]
[Result "1-0"]
[Round "03"]
[TimeControl "180+1"]
[Date "2022.04.05"]
[WhiteClock "0:00:17"]
[BlackClock "0:00:01"]

1. e4 e5 2. Nf3 Nc6 3. Bb5 a6 4. Ba4 d6 5. O-O Bd7 6. c3 Nf6 7. Re1 Be7 8. d4 b5 9. Bb3 O-O 10. h3 h6 11. Nbd2 Nh7 12. Nf1 Ng5 13. N3h2 Na5 14. Bc2 c5 15. d5 c4 16. Ng3 g6 17. h4 Nh7 18. Bxh6 Bxh4 19. Bxf8 Qxf8 20. Ng4 f5 21. exf5 gxf5 22. Nxf5 Bg5 23. Nge3 Nb7 24. Qh5 Nc5 25. Nxd6 Nd3 26. Ne4 Nf4 27. Qh2 Bh6 28. Rad1 Re8 29. g3 Nh3+ 30. Kf1 Re7 31. Ke2 Rf7 32. Rf1 Bxe3 33. Kxe3 Bg4 34. Kd2 Rf3 35. Kc1 1-0


[Site "https://www.chess.com"]

[Event "Titled Tuesday Blitz April 05 Early 2022"]
[White "Godzwon, Iwo"]
[Black "Begunov, Konstantin"]
[WhiteFideId "21802483"]
[BlackFideId "4118510"]
[WhiteElo "2201"]
[BlackElo "2262"]
[Result "1-0"]
[Round "03"]
[TimeControl "180+1"]
[Date "2022.04.05"]
[WhiteClock "0:00:07"]
[BlackClock "0:00:11"]

1. e4 c5 2. Nf3 d6 3. d4 cxd4 4. Nxd4 Nf6 5. f3 e5 6. Nb3 Be6 7. c4 Be7 8. Nc3 O-O 9. Be3 Nc6 10. Be2 a6 11. O-O Rb8 12. Qd2 Na5 13. Nxa5 Qxa5 14. Nd5 Qd8 15. Nxe7+ Qxe7 16. Rfd1 Rfd8 17. Rac1 b5 18. b3 bxc4 19. bxc4 h6 20. Rc2 Qc7 21. Qc3 Nd7 22. Qa3 Nc5 23. Rcd2 Rd7 24. Bxc5 dxc5 25. Rxd7 Bxd7 26. Qxa6 Rb2 27. Bf1 Be6 28. Qa3 Qb6 29. Qc3 Rxa2 30. Qxe5 Qb3 31. Rd8+ Kh7 32. h4 Qe3+ 33. Kh2 Qf2 34. Rd1 Qxh4+ 35. Kg1 Bh3 36. Ra1 Rd2 37. Qh2 Qf2+ 38. Kh1 Be6 39. Qg1 Qh4+ 40. Qh2 Qf2 41. Qg1 Qh4+ 42. Qh2 Qg5 43. Re1 Rc2 44. f4 Qf6 45. Bd3 Rd2 46. e5+ Rxd3 47. exf6 gxf6 48. f5 Bxf5 49. Qf4 Bg6 50. Qxf6 Rd2 51. Qe5 Rd4 52. Qxc5 Rh4+ 53. Kg1 Rg4 54. Qd5 Be4 55. Rxe4 Rg7 56. Qf5+ Rg6 57. Qxf7+ Rg7 58. Qf5+ Kh8 59. Re8+ Rg8 60. Qf6+ 1-0


[Site "https://www.chess.com"]

[Event "Titled Tuesday Blitz April 05 Early 2022"]
[White "Golubeva, Oksana"]
[Black "Leiva, Gianmarco"]
[WhiteFideId "4170164"]
[BlackFideId "3804399"]
[WhiteElo "2162"]
[BlackElo "2323"]
[Result "0-1"]
[Round "03"]
[TimeControl "180+1"]
[Date "2022.04.05"]
[WhiteClock "0:01:45"]
[BlackClock "0:01:47"]

1. Nf3 Nf6 2. e3 d5 3. c4 c5 4. d4 cxd4 5. exd4 g6 6. Nc3 Bg7 7. h3 O-O 8. Bg5 Ne4 9. Be3 Qa5 10. Qb3 dxc4 11. Bxc4 Nd6 12. Bd3 Nc6 13. O-O Nb4 14. Be2 Bf5 15. Rfc1 Be6 16. Na4 Bxb3 0-1


[Site "https://www.chess.com"]

[Event "Titled Tuesday Blitz April 05 Early 2022"]
[White "Gracia Alvarez, Gerardo Antonio"]
[Black "Manon-og, Ramon Jr."]
[WhiteFideId "5109124"]
[BlackFideId "5200776"]
[WhiteElo "2139"]
[BlackElo "2258"]
[Result "1-0"]
[Round "03"]
[TimeControl "180+1"]
[Date "2022.04.05"]
[WhiteClock "0:00:05"]
[BlackClock "0:00:01"]

1. e4 c5 2. Nc3 d6 3. d4 cxd4 4. Qxd4 e5 5. Qd2 h6 6. b3 Nf6 7. Bb2 Be7 8. O-O-O O-O 9. f4 exf4 10. h3 Nh5 11. Nge2 Bg5 12. h4 Bxh4 13. Kb1 Ng3 14. Nxg3 Bxg3 15. Nd5 Nc6 16. Nxf4 Bg4 17. Nh5 Bxd1 18. Nxg7 Bxc2+ 19. Qxc2 Qg5 20. Nf5 h5 21. Be2 h4 22. Bc1 Qf6 23. Nxg3 hxg3 24. e5 Qg7 25. Bh6 Qxe5 26. Bd3 Rfe8 27. Bh7+ Kh8 28. Bc1 Kg7 29. Bb2 Nd4 30. Qd3 Qe1+ 31. Rxe1 Rxe1+ 32. Bc1 Rxc1+ 33. Kxc1 Ne6 34. Be4 Rc8+ 35. Kb2 Nc5 36. Qxg3+ Kf8 37. Bf5 Rd8 38. Qh4 Re8 39. Qf6 Ne4 40. Qh8+ Ke7 41. Qh4+ Nf6 42. g4 Rg8 43. g5 Ne8 44. g6+ f6 45. Qe4+ Kd8 46. Qxb7 Rg7 47. Qb8+ Ke7 48. Qxa7+ Kf8 49. Qd4 Re7 50. a4 Re5 51. Bc2 d5 52. Qc5+ 1-0


[Site "https://www.chess.com"]

[Event "Titled Tuesday Blitz April 05 Early 2022"]
[White "Gu, Xiaobing"]
[Black "Rabineau, Clement"]
[WhiteFideId "8602611"]
[BlackFideId "628891"]
[WhiteElo "2174"]
[BlackElo "2237"]
[Result "0-1"]
[Round "03"]
[TimeControl "180+1"]
[Date "2022.04.05"]
[WhiteClock "0:00:29"]
[BlackClock "0:00:13"]

1. e4 d6 2. d4 g6 3. Nc3 Bg7 4. Be3 a6 5. f4 b5 6. a3 Bb7 7. Nf3 Nd7 8. Bd3 c5 9. e5 cxd4 10. Bxd4 dxe5 11. fxe5 Nb6 12. Be4 Bxe4 13. Nxe4 Nh6 14. e6 O-O 15. O-O Nc4 16. b3 Bxd4+ 17. Qxd4 Qxd4+ 18. Nxd4 Ne3 19. Rfe1 Nef5 20. Rad1 Rac8 21. Re2 Nxd4 22. Rxd4 Nf5 23. Rd7 fxe6 0-1


[Site "https://www.chess.com"]

[Event "Titled Tuesday Blitz April 05 Early 2022"]
[White "Guz, Ari"]
[Black "Dobrov, Vladimir"]
[WhiteFideId "2825759"]
[BlackFideId "4136594"]
[WhiteElo "1913"]
[BlackElo "2575"]
[Result "*"]
[Round "03"]
[TimeControl "180+1"]
[Date "2022.04.05"]
[WhiteClock "0:01:44"]
[BlackClock "0:01:32"]

1. e4 c5 2. Nf3 Nc6 3. c3 Nf6 4. e5 Nd5 5. d4 cxd4 6. cxd4 d6 7. Bc4 dxe5 8. Nxe5 e6 9. Nxc6 bxc6 10. O-O Be7 11. Nc3 O-O 12. Qf3 Rb8 13. Bb3 Ba6 14. Re1 Rb4 15. Rd1 Bf6 16. Ne4 Rxd4 17. Rxd4 Bxd4 18. Bg5 f6 19. Bd2 c5 20. Rc1 *


[Site "https://www.chess.com"]

[Event "Titled Tuesday Blitz April 05 Early 2022"]
[White "Hansen, Eric"]
[Black "Rastbod, Ali"]
[WhiteFideId "2606771"]
[BlackFideId "12567477"]
[WhiteElo "2568"]
[BlackElo "2147"]
[Result "*"]
[Round "03"]
[TimeControl "180+1"]
[Date "2022.04.05"]
[WhiteClock "0:01:57"]
[BlackClock "0:01:45"]

1. e4 e6 2. d4 d5 3. Nc3 Bb4 4. e5 b6 5. a3 Bf8 6. Bb5+ c6 7. Ba4 Ne7 8. Nce2 Ba6 9. c3 Bb5 10. Bc2 c5 11. Nf3 Nbc6 12. O-O Rc8 13. Re1 Ng6 14. g3 Be7 15. h4 O-O 16. h5 Nh8 17. Nf4 cxd4 18. cxd4 Qc7 19. Be3 Nxe5 20. dxe5 Qxc2 21. Qxc2 Rxc2 22. Nd4 *


[Site "https://www.chess.com"]

[Event "Titled Tuesday Blitz April 05 Early 2022"]
[White "Harshavardhan G B"]
[Black "Lamaze, Simon"]
[WhiteFideId "25059009"]
[BlackFideId "36069264"]
[WhiteElo "1831"]
[BlackElo "1999"]
[Result "1-0"]
[Round "03"]
[TimeControl "180+1"]
[Date "2022.04.05"]
[WhiteClock "0:00:24"]
[BlackClock "0:00:19"]

1. Nf3 c5 2. e4 Nc6 3. d4 cxd4 4. Nxd4 Nf6 5. Nc3 d6 6. Bg5 Bd7 7. Qd2 a6 8. O-O-O e6 9. f3 Be7 10. Kb1 h6 11. Be3 Rc8 12. g4 b5 13. h4 Ne5 14. Qg2 g6 15. g5 hxg5 16. hxg5 Rxh1 17. Qxh1 Nh5 18. f4 Nc4 19. Bxc4 Rxc4 20. f5 Bxg5 21. fxe6 Bxe3 22. exd7+ Qxd7 23. Nb3 Rxc3 24. bxc3 Qc6 25. Rd3 Bf4 26. Qf3 Be5 27. Nd4 Qc4 28. Rd1 b4 29. Qd3 Qxd3 30. Rxd3 Nf4 31. Rf3 g5 32. Nc6 Bxc3 33. a3 Kd7 34. Nxb4 Bxb4 35. axb4 Ke6 36. c4 Ke5 37. b5 axb5 38. cxb5 Ke6 39. b6 Kd7 40. Rc3 Ne2 41. Rc4 d5 42. exd5 1-0


[Site "https://www.chess.com"]

[Event "Titled Tuesday Blitz April 05 Early 2022"]
[White "Hartikainen, Jarmo"]
[Black "Coto Mederos, Michel"]
[WhiteFideId "503134"]
[BlackFideId "3508528"]
[WhiteElo "2084"]
[BlackElo "2427"]
[Result "0-1"]
[Round "03"]
[TimeControl "180+1"]
[Date "2022.04.05"]
[WhiteClock "0:00:50"]
[BlackClock "0:01:37"]

1. e4 d5 2. exd5 Qxd5 3. d4 Nf6 4. c4 Qd8 5. Nc3 Bf5 6. Nf3 e6 7. Bd3 Bxd3 8. Qxd3 Be7 9. O-O O-O 10. h3 Nbd7 11. Bf4 c5 12. Rad1 cxd4 13. Nxd4 e5 14. Nf5 exf4 15. Rfe1 Bb4 16. a3 Bxc3 17. Qxc3 Re8 18. Rxe8+ Qxe8 19. Nd6 Qe5 20. Qxe5 Nxe5 21. c5 Rd8 22. Re1 Nd3 23. Re7 Nxc5 24. Nxb7 Nxb7 25. Rxb7 g5 26. Rxa7 Rd1+ 27. Kh2 Rd2 28. b4 Rxf2 29. a4 f3 30. b5 Rxg2+ 31. Kh1 Ne4 0-1


[Site "https://www.chess.com"]

[Event "Titled Tuesday Blitz April 05 Early 2022"]
[White "Heinemann, Josefine"]
[Black "Marcziter, Dmitrii"]
[WhiteFideId "12900460"]
[BlackFideId "13900765"]
[WhiteElo "2300"]
[BlackElo "2155"]
[Result "0-1"]
[Round "03"]
[TimeControl "180+1"]
[Date "2022.04.05"]
[WhiteClock "0:00:12"]
[BlackClock "0:01:18"]

1. d4 d5 2. Bf4 c5 3. e3 Nc6 4. Nd2 Nf6 5. c3 Qb6 6. Qc2 g5 7. Bxg5 Bg7 8. Ngf3 O-O 9. Be2 Bg4 10. O-O Rac8 11. dxc5 Qxc5 12. Nb3 Qb6 13. h3 Bh5 14. Nbd4 Bg6 15. Qd2 Ne4 16. Qc1 e5 17. Nxc6 bxc6 18. Bh4 f5 19. Ng5 Rce8 20. Nxe4 fxe4 21. Bg3 a5 22. b3 a4 23. Qc2 a3 24. Rad1 Rd8 25. b4 c5 26. bxc5 Qxc5 27. Rb1 Rb8 28. Rb3 Rxb3 29. Qxb3 Rc8 30. Rd1 Bf7 31. Rc1 d4 32. Qa4 d3 33. Bg4 Rb8 34. Qxe4 d2 35. Rd1 Qxc3 36. Bf5 h6 37. Bg4 Bxa2 38. Qg6 Bf7 39. Qf5 a2 40. Bh5 Bxh5 41. Qxh5 a1=Q 0-1


[Site "https://www.chess.com"]

[Event "Titled Tuesday Blitz April 05 Early 2022"]
[White "Hernandez Bermudez, Ulises Eduardo"]
[Black "Muradov, Soltan"]
[WhiteFideId "3902510"]
[BlackFideId "14002108"]
[WhiteElo "2056"]
[BlackElo "1854"]
[Result "0-1"]
[Round "03"]
[TimeControl "180+1"]
[Date "2022.04.05"]
[WhiteClock "0:00:10"]
[BlackClock "0:01:58"]

1. e4 e5 2. Nf3 Nf6 3. Nxe5 d6 4. Nf3 Nxe4 5. d4 d5 6. Bd3 Bd6 7. O-O O-O 8. c4 c6 9. Nc3 Re8 10. Re1 Nxc3 11. bxc3 Nd7 12. cxd5 cxd5 13. Bg5 Rxe1+ 14. Qxe1 Qf8 15. Qe3 h6 16. Bh4 Nb6 17. Ne5 Be6 18. Rf1 Rc8 19. Qg3 Nc4 20. Bf6 Kh8 21. Qh4 gxf6 22. f4 fxe5 23. fxe5 Be7 0-1


[Site "https://www.chess.com"]

[Event "Titled Tuesday Blitz April 05 Early 2022"]
[White "Hnydiuk, Aleksander"]
[Black "Jumabayev, Rinat"]
[WhiteFideId "1109057"]
[BlackFideId "13702661"]
[WhiteElo "2374"]
[BlackElo "2561"]
[Result "0-1"]
[Round "03"]
[TimeControl "180+1"]
[Date "2022.04.05"]
[WhiteClock "0:00:21"]
[BlackClock "0:00:25"]

1. Nf3 c5 2. c4 Nf6 3. g3 d5 4. d4 cxd4 5. Bg2 Qa5+ 6. Nbd2 Nc6 7. O-O e5 8. cxd5 Qxd5 9. Nb3 Qd8 10. e3 d3 11. Ne1 Bf5 12. f3 Nb4 13. e4 Be6 14. Be3 Rc8 15. Rc1 Rxc1 16. Nxc1 Bc4 17. Rf2 Be7 18. a3 Nc6 19. Nexd3 O-O 20. Rd2 Qa5 21. Nb3 Qb5 22. Nbc5 b6 23. a4 Qa5 24. Nb7 Qa6 0-1


[Site "https://www.chess.com"]